 Dungeon Crawl Stone Soup version 0.28.0-62-gf88900778d (webtiles) character file.

Game seed: 9396572351343474268

70 Nonny the Cutter (level 4, -2/23 HPs)
             Began as a Vine Stalker Gladiator on Mar 16, 2023.
             Slain by Grinder (6 damage)
             ... while paralysed by Grinder
             ... on level 3 of the Dungeon on Mar 17, 2023.
             The game lasted 00:12:51 (1789 turns).

Nonny the Cutter (Vine Stalker Gladiator)           Turns: 1789, Time: 00:12:51

Health: -2/23      AC:  6    Str: 16    XL:     4   Next: 21%
Magic:  0/5        EV:  2    Int:  8    God:
Gold:   109        SH:  0    Dex: 18    Spells: 3/3 levels left

rFire   . . .      SeeInvis .   a - +0 rapier
rCold   . . .      Faith    .   (no shield)
rNeg    . . .      Spirit   +   j - +0 ring mail
rPois   .          Reflect  .   c - +0 helmet
rElec   .          Harm     .   (no cloak)
rCorr   .          Rampage  .   (no gloves)
Will    .....                   (no boots)
Stlth   +.........              q - amulet of regeneration
HPRegen 1.67/turn               (no ring)
MPRegen 0.09/turn               (no ring)

@: paralysed
A: fangs 2, regeneration 1, magic shield, antimagic bite, no potion heal 2
a: no special abilities


You were on level 3 of the Dungeon.
You visited 1 branch of the dungeon, and saw 3 of its levels.

You collected 109 gold pieces.

Inventory:

Hand Weapons
 a - a +0 rapier (weapon)
Missiles
 d - 3 throwing nets (quivered)
Armour
 c - a +0 helmet (worn)
 j - a +0 ring mail (worn)
Magical Staves
 n - a staff of air
 p - a staff of poison
Jewellery
 q - an amulet of regeneration (around neck)
Scrolls
 b - a scroll of noise {unknown}
 k - 2 scrolls of identify {unknown}
 m - a scroll of teleportation {unknown}
Potions
 e - a potion of haste {unknown}
 f - a potion of magic {unknown}
 g - a potion of attraction {unknown}
 h - a potion of degeneration {unknown}
 i - a potion of heal wounds {unknown}
 l - a potion of curing {unknown}
 o - a potion of flight {unknown}


   Skills:
 + Level 2.1 Fighting
 + Level 3.5 Short Blades
 + Level 1.8 Throwing
 + Level 2.9 Dodging
 * Level 1.7 Stealth


You had 3 spell levels left.
You didn't know any spells.
Your spell library contained the following spells:

 Spells                   Type           Power      Damage    Failure   Level
 Conjure Flame            Conj/Fire      0%         6-21      94%         3
 Ignite Poison            Fire/Tmut/Pois 0%         N/A       94%         3
 Lesser Beckoning         Tloc           0%         N/A       94%         3
 Mephitic Cloud           Conj/Pois/Air  0%         N/A       94%         3
 Iskenderun's Mystic Bla  Conj/Tloc      0%         2d3       100%        4
 Sticky Flame             Conj/Fire      0%         2d3       100%        4
 Blade Hands              Tmut           0%         N/A       100%        5
 Freezing Cloud           Conj/Ice/Air   0%         6-21      100%        5
 Irradiate                Conj/Tmut      0%         3d13      100%        5
 Metabolic Englaciation   Hex/Ice        0%         N/A       100%        5
 Dragon Form              Tmut           0%         N/A       100%        7


Dungeon Overview and Level Annotations

Branches:
Dungeon (3/15)

Altars:
Ashenzari
Okawaru

Annotations:
D:3 Grinder


Innate Abilities, Weirdness & Mutations

You have extremely sharp teeth.
Your natural rate of healing is unusually fast.
When hurt, damage is shared between your health and your magic reserves.
Your bite disrupts and absorbs the magic of your enemies.
Potions cannot restore your health.


Message History

Found 12 gold pieces.
You now have 97 gold pieces (gained 7).
You now have 109 gold pieces (gained 12).
There is an escape hatch in the floor here.
Grinder comes into view.
Grinder shouts!
Okay, then.
Okay, then.
A giant cockroach comes into view.
You closely miss the giant cockroach. You bite the giant cockroach.
You drain its power.
The giant cockroach is almost dead.
The giant cockroach bites you but does no damage. x2
You hit the giant cockroach but do no damage.
You bite the giant cockroach.
You kill the giant cockroach!
You hit Grinder. You bite Grinder.
Grinder's magic leaks into the air.
You drain her magic.
Grinder is lightly wounded.
Grinder hits you!
You writhe in agony.
You hit Grinder but do no damage.
Grinder is lightly wounded.
Grinder closely misses you.
You puncture Grinder! Your bite misses Grinder.
Grinder is moderately wounded.
Grinder closely misses you.
You hit Grinder but do no damage. You bite Grinder.
Grinder's magic leaks into the air.
You drain her magic.
You feel invigorated.
Grinder is heavily wounded.
Grinder gestures at you.
You suddenly lose the ability to move!
Grinder hits you.
You writhe in agony.
Grinder hits you.
You writhe in agony.
Grinder hits you.
* * * LOW HITPOINT WARNING * * *
You writhe in agony.
Grinder hits you.
* * * LOW HITPOINT WARNING * * *
You writhe in agony.
You die...

...#...#........#........##
#
......##..........##>....#
....####.............#.#..
......###...#...#..#.#..##
...##...[...............
...#####......####......
...#####........# #.....
.#..........###.##......
......#....## #.@5......
...........# ####......
...........# .....
.........### ....
........## ... .......## ..
......## . #.##### ..#


You could see Grinder (magic disrupted).

Vanquished Creatures
  2 adders
  2 worms
  An orc (D:3)
  3 ball pythons
  5 endoplasms
  4 giant cockroaches
  2 goblins
  2 hobgoblins
  4 quokkas
  4 bats
  A frilled lizard (D:3)
  5 kobolds
  4 rats
39 creatures vanquished.

Vanquished Creatures (others)
  A goblin (D:3)
1 creature vanquished.

Grand Total: 40 creatures vanquished

Notes
Turn   | Place    | Note
-------+----------+-------------------------------------------
     0 | D:1      | Nonny the Vine Stalker Gladiator began the quest for the
                  | Orb.
     0 | D:1      | Reached XP level 1. HP: 11/11 MP: 2/2
   314 | D:1      | Reached XP level 2. HP: 15/15 MP: 3/3
   336 | D:1      | +2 hat
   348 | D:1      | Trismegistus Codex: Ignite Poison, Mephitic Cloud and
                  | Freezing Cloud
   354 | D:1      | Got the Volume of Freezing Translocation
   355 | D:1      | Volume of Freezing Translocation: Lesser Beckoning,
                  | Iskenderun's Mystic Blast and Metabolic Englaciation
   410 | D:1      | You fall into a shaft and drop 1 floor!
   415 | D:2      | Reached skill level 3 in Short Blades
   439 | D:2      | Reached skill level 1 in Stealth
   459 | D:2      | GOSELU BAFYSM - vulnerability
   599 | D:2      | Found a faded altar of an unknown god.
   642 | D:2      | Reached XP level 3. HP: 7/18 MP: 4/4
   652 | D:2      | Everburning Encyclopedia: Conjure Flame and Sticky Flame
  1082 | D:1      | Starting Vault: Rectangles
  1468 | D:3      | Found an iron altar of Okawaru.
  1479 | D:3      | Gained mutation: Your natural rate of healing is unusually
                  | fast. [Vine Stalker growth]
  1479 | D:3      | Reached XP level 4. HP: 21/23 MP: 5/5
  1504 | D:3      | staff of air
  1621 | D:3      | book of Transfigurations: Irradiate, Blade Hands and Dragon
                  | Form
  1639 | D:3      | Found a broken altar of Ashenzari.
  1640 | D:3      | Staff of poison
  1682 | D:3      | amulet of regeneration!!!
  1699 | D:3      | plate armour
  1775 | D:3      | Noticed Grinder
  1785 | D:3      | Paralysed by Grinder for 7 turns
  1789 | D:3      | Slain by Grinder

Illustrated notes #...........# #####........:... #..........(...#####+ #..................>. #.....##............# #.....##............. #.....##.....##+####. #......#...........# #......#.....(.@...# #####..............# ##.#........#+## #†#.......... #.#.#.######## #.#..... #######.###.##. ..........#.. . .######.#.# Turn 336 on D:1: +2 hat ##.#.#####.### .....:....... ........... ......... ##+#>..... ..........## #...........###.. #####........@....... #..........(...#####+# #..................>.. #.....##............## #.....##.............. #.....##.....##'####.. #......#...........# #......#.....(.[...# #####..............# Turn 348 on D:1: Trismegistus Codex: Ignite Poison, Mephitic Cloud and Freezing Cloud #. #. #. #.# ###.# # #.... .# ####.#.#####.### #......@........ #............... #............... ####+#>........ #..........###. #...........###.. #####................ #..........(..r#####+# #..................>.. Turn 355 on D:1: Volume of Freezing Translocation: Lesser Beckoning, Iskenderun's Mystic Blast and Metabolic Englaciation #......†....#.# #.............# #...........##. ##..........# ##........## ##.#.##..# ##.#.##.## ##....##.# #...@#...# #.#....### #....### ###.## #..# #.## #.# #)# #.# Turn 459 on D:2: GOSELU BAFYSM - vulnerability #......# #......# #......# # #......# .# ###......###..# #########........#....# .....<##..#....>...# ........)#...>..@# ......###..####.## ......# #.## #.# ......###.# #.# ......#...# ..# ........### .## ###.##.## #. ###.##.# .. ....##.####... Turn 652 on D:2: Everburning Encyclopedia: Conjure Flame and Sticky Flame

#..........# #.#############.#
#..........# #.#...........#.#
#..........# #.#.####.####.#..
##.# #....... ..#.#(......#.#.#
..# #.###### .#.#.#.#####.#.#.#
#.# #.# .#.#.#.#...#.#.#.#
#.###'##
[#.#.#.#...#.#.#.#####......#
.#.+.#.#.<...#.+@#...#......#
.#.#.#.#...#.#.#.#.#.#......###
.#.#.#.#...#.#.#.#.#.#..........
.#.#.#.#####.#.#.#.#.#.......###
.#.#.#.......#.#...#.#.......#
.'.#.####.####.#.#...........#
.#.#...........#.#.#.#.......#
.#.#############.#...........#
.#...............######......#


Turn 1082 on D:1: Starting Vault: Rectangles ####### #.@...## #...#...####
#...###.....# #............# #..#.).).#...# #######.##.._..##..#
##.....#..#.).).#...# ##...................# #............###...#.# Turn 1504 on
D:3: staff of air #.....<..##...## ##...#...##. #.......##..... ##..##.....
#........#.....#####......†.. #........#|... #...........##
##.......##...##...........# #...##.##....#........ #)..K....###.......##
#........#........## #...@......##>....# #.............#.#.. ##...#...#..#.#..##
.[............. ##.w....####.... #....... #... .....### #....## Turn 1621 on
D:3: book of Transfigurations: Irradiate, Blade Hands and Dragon Form
#.....#####..###.........##### ##..........##_##.............
#.........##...##........#### #.........#.....#......###
##.......)#.....#....#.### #........#....[###......#### #.....<..##...##
##...#...## #.......##.....# ##..##.... #........#.@...#####......†.
#........#|....#...........# ##.......##...##...........# #...##.##....#........
#)..)....###.......# #........#........## #..........##>....#
#.............#.#.. ##...#...#..#.#..## Turn 1640 on D:3: Staff of poison
#.......##.....# ##. #........#.....#####. #........#.....#.....
##.......##...##..... ###.#.##...##.##....#. #...).##.#)..)....###.
###....#...#........#... <..........##..........## ........@####............
...........###...#...#..# ........##...[........... ......$.# ###......####..
........# #........ #. ....#.#.. .....###.# ###.... #....## ... >.... .....# ##
Turn 1682 on D:3: amulet of regeneration!!! #........#.....#...........
##.......##...##........... ###.#.##...##.##....#.......
#...).##.#)..)....###....... #####....#...#........#........#
#<..........##..........##>....# #.........####.............#.#..
#..........r###...#...#..#.#..## #........##...[@............
#........#####......####.... #........# #........# #... #....#.#... .....###.#
#####.......#....## ... >....r.......# ## ..........$...# .............###
.#.... ......# Turn 1699 on D:3: plate armour

Levels and vault maps discovered:
D:1:      matt_arrival_refuge, layout_basic
D:2:      layout_rooms, basic_ecumenical_altar
D:3:      layout_rooms, okawaru_ov_weapons_minmay, marbit_many_paths,
          kennysheep_vampire_church, uniq_grinder

Skill      XL: |  1  2  3 |
---------------+----------+-----
Short Blades   | 3 |  3.5
Stealth        | 1 |  1.7
Fighting       | 2 |  2.1
Throwing       | |  1.8
Dodging        | |  2.9

Action                   |  1- 3 |  4- 6 || total
-------------------------+-------+-------++-------
Melee: Rapier            |    77 |    24 ||   101
       Bite              |    15 |     9 ||    24
       Punch             |       |     1 ||     1
  Use: Scroll            |     1 |       ||     1
 Stab: Sleeping          |     3 |       ||     3
Armor: Leather armour    |    14 |       ||    14
       Ring mail         |    16 |     2 ||    18
Dodge: Dodged            |    45 |    15 ||    60
